 Dungeon Crawl Stone Soup version 0.18.1-1-g2f07953 (webtiles) character file.

128 MDvedh the Chopper (level 4, -2/58 HPs)
             Began as a Minotaur Berserker on May 6, 2016.
             Was a Believer of Trog.
             Slain by an orc warrior
             ... wielding a +0 halberd
              (16 damage)
             ... on level 3 of the Dungeon.
             The game lasted 00:02:41 (3036 turns).

MDvedh the Chopper (Minotaur Berserker)             Turns: 3036, Time: 00:02:42

Health: -2/58      AC:  6    Str: 27    XL:     4   Next: 87%
Magic:  3/3        EV: 11    Int:  4    God:    Trog [**....]
Gold:   182        SH:  0    Dex: 10    Spells: 0 memorised, 3 levels left

rFire  . . .     SeeInvis .     a - +0 hand axe
rCold  . . .     Gourm    .     p - +0 ring mail
rNeg   . . .     Faith    .     (no shield)
rPois  .         Spirit   .     (helmet restricted)
rElec  .         Dismiss  .     (no cloak)
rCorr  .         Reflect  .     (no gloves)
SustAt .         Harm     .     l - +0 pair of boots
MR     .....                    (no amulet)
Stlth  ..........               (no ring)
                                (no ring)

@: berserking, very quick, not resistant to hostile enchantments, extremely
unstealthy
A: retaliatory headbutt, horns 2
a: Berserk, Trog's Hand, Burn Spellbooks, Renounce Religion


You were on level 3 of the Dungeon.
You worshipped Trog.
Trog was pleased with you.
You were not hungry.

You visited 1 branch of the dungeon, and saw 3 of its levels.

You collected 182 gold pieces.

Inventory:

Hand Weapons
 a - a +0 hand axe (weapon)
Armour
 l - a +0 pair of boots (worn)
 p - a +0 ring mail (worn)
Scrolls
 b - a scroll of teleportation {unknown}
 d - 2 scrolls of random uselessness {unknown}
 e - 6 scrolls of identify {unknown}
 j - a scroll of noise {unknown}
 m - 3 scrolls of enchant armour {unknown}
 n - a scroll of enchant weapon {unknown}
 o - 2 scrolls of remove curse {unknown}
 q - 2 scrolls of blinking {unknown}
Potions
 f - a potion of lignification {unknown}
 h - a potion of berserk rage {unknown}
 i - a potion of flight {unknown}
 k - 4 potions of curing {unknown}
 r - a potion of might {unknown}
 s - a potion of heal wounds {unknown}
 t - a potion of cure mutation {unknown}
Comestibles
 c - 2 bread rations


   Skills:
 - Level 3.6 Fighting
 + Level 6.8 Axes
 - Level 2.4 Armour
 - Level 2.1 Dodging


You had 3 spell levels left.
You didn't know any spells.

Dungeon Overview and Level Annotations

Branches:
Dungeon (3/15)

Altars:


Innate Abilities, Weirdness & Mutations

You reflexively headbutt those who attack you in melee.
You have a pair of horns on your head.


Message History

You are too injured to fight recklessly!
You hit the orc warrior. Your headbutt misses the orc warrior.
The orc warrior is heavily wounded.
You slash the orc!
You kill the orc!
Trog accepts your kill.
The orc priest shouts!
You hit the orc warrior but do no damage.
You headbutt the orc warrior.
The orc warrior is severely wounded.
You hear a shout!
The orc warrior barely misses you.
You barely miss the orc warrior.
The orc warrior is severely wounded.
You hit the orc warrior. Your headbutt misses the orc warrior.
The orc warrior is severely wounded.
You hit the orc priest.
The orc priest is moderately wounded.
The orc warrior hits you with a halberd!
You die...

#.# #.# #o# #.# ### #o#
###.###########.#
#.....##.....##o# #######
##.....##.....##.###.....#####
#......).....@#...##.......[..
##.....##....oo..........####.
#.....##.....#...##.....####.
#.....#########.###.....#....
#.#...# #.# #######.##.
#.##..# #.# #.##. #.##..#
##'## #.##. #.....# ##...##
#.##. ####.## ##.....## #.###


You could see an orc warrior and an orc priest.

Vanquished Creatures
  6 adders
  2 oozes
  3 worms
  2 dart slugs
  A giant gecko (D:1)
  An orc (D:3)
  A ball python (D:2)
  4 giant cockroaches
  9 goblins
  4 hobgoblins
  4 jackals (D:2)
  3 bats
  4 giant newts
  6 kobolds
  5 rats
55 creatures vanquished.

Vanquished Creatures (others)
  5 toadstools (D:1)
5 creatures vanquished.

Grand Total: 60 creatures vanquished

Notes
Turn   | Place    | Note
--------------------------------------------------------------
     0 | D:1      | MDvedh the Minotaur Berserker began the quest for the Orb.
     0 | D:1      | Reached XP level 1. HP: 19/19 MP: 0/0
    65 | D:1      | Reached skill level 4 in Axes
    93 | D:1      | Reached XP level 2. HP: 16/26 MP: 1/1
  1036 | D:1      | Reached skill level 5 in Axes
  1236 | D:1      | Reached XP level 3. HP: 29/31 MP: 2/2
  1650 | D:2      | Reached ** piety under Trog
  2264 | D:2      | Reached XP level 4. HP: 39/39 MP: 3/3
  2372 | D:2      | Reached skill level 6 in Axes
  3018 | D:3      | Noticed an orc warrior
  3036 | D:3      | Slain by an orc warrior

Skill      XL: |  1  2  3  4 |
---------------+-------------+-----
Axes           | 4 5 6 |  6.8
Fighting       | |  3.6
Armour         | |  2.4
Dodging        | |  2.1

Action                   |  1- 3 |  4- 6 || total
-------------------------+-------+-------++-------
Melee: Hand axe          |    75 |    57 ||   132
       Headbutt          |    15 |    10 ||    25
Invok: Berserk           |     1 |     2 ||     3
       Burn Spellbooks   |       |     1 ||     1
 Stab: Sleeping          |     1 |       ||     1
  Eat: Chunk             |     5 |       ||     5
       Meat ration       |       |     1 ||     1
Armor: Animal skin       |     7 |       ||     7
       Ring mail         |       |    24 ||    24
Dodge: Dodged            |    36 |    28 ||    64
